[Event "Rated Blitz tournament fa2X0VaD"]
[Site "?"]
[Date "2021.09.14"]
[Round "?"]
[White "Muratt_Chess"]
[Black "Semenychev_Alexander"]
[Result "0-1"]
[ECO "C42"]
[WhiteElo "2410"]
[BlackElo "2383"]
[PlyCount "62"]
[EventDate "2021.??.??"]
[EventType "blitz"]
[TimeControl "180"]

1. e4 e5 2. Nf3 Nf6 3. Nxe5 d6 4. Nxf7 Kxf7 5. Nc3 Be6 6. d4 c6 7. Bd3 Be7 8.
O-O Re8 9. f4 Kg8 10. f5 Bf7 11. Be3 Nbd7 12. Qf3 c5 13. Rae1 cxd4 14. Bxd4 Ne5
15. Bxe5 dxe5 16. g4 h6 17. h4 Nh7 18. Nd5 Bxh4 19. Re2 Nf6 20. c4 a6 21. Rd1
Bxd5 22. cxd5 Qb6+ 23. Kg2 Rac8 24. b3 Rc3 25. Qf1 Nxg4 26. d6 Ne3+ 27. Rxe3
Qxe3 28. Qe2 Qg3+ 29. Kh1 Rd8 30. Rg1 Qh3+ 31. Qh2 Rxd3 {Normal} 0-1

[Event "Rated Rapid game"]
[Site "?"]
[Date "2021.09.14"]
[Round "?"]
[White "Sokrates1984"]
[Black "naborjs"]
[Result "0-1"]
[ECO "C42"]
[WhiteElo "2258"]
[BlackElo "2407"]
[PlyCount "102"]
[EventDate "2021.??.??"]
[EventType "rapid"]
[TimeControl "600"]

1. e4 e5 2. Nf3 Nf6 3. Nxe5 d6 4. Nxf7 Kxf7 5. d4 Nc6 6. Bc4+ Ke8 7. O-O Bg4 8.
f3 Bh5 9. Bg5 Be7 10. Nc3 h6 11. Be3 Rf8 12. Qe2 Na5 13. Be6 Bf7 14. Bh3 Bc4
15. Qf2 Bxf1 16. Kxf1 Kf7 17. e5 Nh7 18. e6+ Kg8 19. Qg3 Kh8 20. d5 Nc4 21. Bd4
Bf6 22. Ne2 Ne3+ 23. Bxe3 Bxb2 24. Rb1 Be5 25. f4 b6 26. Kg1 Bf6 27. f5 Ng5 28.
Nf4 Be5 29. Ng6+ Kg8 30. Qg4 Qf6 31. Nxf8 Rxf8 32. Bxg5 hxg5 33. Qe4 g6 34. Rf1
Bf4 35. g4 gxf5 36. gxf5 Kg7 37. Rxf4 gxf4 38. Qxf4 Rg8 39. Kf2 Kf8 40. e7+
Kxe7 41. Qe4+ Qe5 42. Qxe5+ dxe5 43. Kf3 Kf6 44. Bg4 c6 45. c4 cxd5 46. cxd5
Rc8 47. d6 Rd8 48. Ke4 Rxd6 49. h3 a5 50. Ke3 b5 51. h4 Rd4 {Normal} 0-1

[Event "Rated Blitz game"]
[Site "?"]
[Date "2021.09.14"]
[Round "?"]
[White "mared2"]
[Black "Wernad"]
[Result "1-0"]
[ECO "C42"]
[WhiteElo "2469"]
[BlackElo "2442"]
[PlyCount "123"]
[EventDate "2021.??.??"]
[EventType "blitz"]
[TimeControl "180"]

1. e4 e5 2. Nf3 Nf6 3. Nxe5 d6 4. Nxf7 Kxf7 5. d4 c6 6. Nc3 Be7 7. f4 Rf8 8. e5
dxe5 9. fxe5 Nd5 10. Bc4 Kg8 11. Qh5 Bf5 12. O-O Bg6 13. Rxf8+ Bxf8 14. Qf3 Kh8
15. Bg5 Be7 16. Rf1 h6 17. Bxe7 Nxe7 18. Qf8+ Qxf8 19. Rxf8+ Kh7 20. Bb3 a5 21.
a4 Nf5 22. Bg8+ Kh8 23. Be6+ Kh7 24. Bxf5 Bxf5 25. Rxf5 Na6 26. Rf7 Rb8 27. Ne4
Nb4 28. c3 Nd5 29. Nd6 b5 30. axb5 cxb5 31. g4 a4 32. Nf5 Ra8 33. Rxg7+ Kh8 34.
Rb7 Nxc3 35. Ng3 Rd8 36. bxc3 Ra8 37. Rxb5 a3 38. Rb1 a2 39. Ra1 Ra3 40. Ne2
Kh7 41. Kf2 Kg6 42. h4 h5 43. g5 Kf5 44. Ke3 Kg4 45. g6 Kxh4 46. g7 Ra8 47.
Rxa2 Rg8 48. Ra7 Kg4 49. Kf2 h4 50. Kg2 h3+ 51. Kh2 Kf3 52. Ng1+ Ke3 53. Nxh3
Kd3 54. d5 Kxc3 55. d6 Kd4 56. Rf7 Kxe5 57. d7 Ke6 58. Rf8 Rxg7 59. d8=Q Rg4
60. Rf6+ Ke5 61. Qd6+ Ke4 62. Nf2+ {Time forfeit} 1-0

[Event "Rated Blitz game"]
[Site "?"]
[Date "2021.09.14"]
[Round "?"]
[White "Capitan-FE"]
[Black "dutchchesslegend"]
[Result "0-1"]
[ECO "C42"]
[WhiteElo "2494"]
[BlackElo "2377"]
[PlyCount "94"]
[EventDate "2021.??.??"]
[EventType "blitz"]
[TimeControl "180"]

1. e4 e5 2. Nf3 Nf6 3. Nxe5 d6 4. Nxf7 Kxf7 5. Bc4+ Be6 6. Bxe6+ Kxe6 7. d4 c6
8. O-O Kd7 9. e5 Ne8 10. c4 Kc7 11. Bf4 Nd7 12. e6 Ndf6 13. Nc3 Rc8 14. Re1 Kb8
15. b4 Nc7 16. b5 cxb5 17. cxb5 d5 18. b6 axb6 19. Nb5 Bb4 20. Qa4 Ba5 21. Rec1
Re8 22. Rc2 Rxe6 23. Rac1 Nfe8 24. h3 g5 25. Bg3 Qe7 26. Rxc7 Nxc7 27. Rxc7
Rxc7 28. Nxc7 Re1+ 29. Kh2 Ka7 30. Nb5+ Ka6 31. Nc7+ Ka7 32. Nb5+ Ka8 33. Qc2
Qd7 34. Nc7+ Ka7 35. Nb5+ Qxb5 36. Qc8 Qe8 37. Bb8+ Ka8 38. Qf5 Qxb8+ 39. g3
Qe8 40. Qxd5 Re2 41. Kg1 h6 42. Qf5 Re1+ 43. Kh2 Re2 44. Kg1 Re1+ 45. Kh2 Qe4
46. Qf8+ Ka7 47. d5 Qh1# {Normal} 0-1

[Event "Rated Blitz game"]
[Site "?"]
[Date "2021.09.14"]
[Round "?"]
[White "Benj49"]
[Black "BezMozga"]
[Result "1-0"]
[ECO "C42"]
[WhiteElo "2574"]
[BlackElo "2519"]
[PlyCount "41"]
[EventDate "2021.??.??"]
[EventType "blitz"]
[TimeControl "180"]

1. e4 e5 2. Nf3 Nf6 3. Nxe5 d6 4. Nxf7 Kxf7 5. d4 Be7 6. Nc3 c6 7. f4 Re8 8. e5
dxe5 9. fxe5 Nd5 10. Bd3 g6 11. O-O+ Kg7 12. Qd2 Bf8 13. Ne4 Bf5 14. c3 Nd7 15.
c4 Nb4 16. Bb1 Nxe5 17. dxe5 Qxd2 18. Bxd2 Rad8 19. Bc3 Be6 20. Nf6 Re7 21.
Bxb4 {Normal} 1-0

[Event "Rated Blitz game"]
[Site "?"]
[Date "2021.09.13"]
[Round "?"]
[White "livaistonee"]
[Black "sbelkaid"]
[Result "1-0"]
[ECO "C42"]
[WhiteElo "2344"]
[BlackElo "2485"]
[PlyCount "91"]
[EventDate "2021.??.??"]
[EventType "blitz"]
[TimeControl "180"]

1. e4 e5 2. Nf3 Nf6 3. Nxe5 d6 4. Nxf7 Kxf7 5. f3 Nc6 6. Bc4+ Be6 7. Qe2 d5 8.
exd5 Bxd5 9. O-O Bc5+ 10. Kh1 Re8 11. Qd3 Bxc4 12. Qxc4+ Qd5 13. Qxd5+ Nxd5 14.
c3 Bb6 15. d4 Re2 16. Nd2 Ne3 17. Rg1 Nc2 18. Rb1 Rae8 19. Ne4 Ne7 20. Ng5+ Kg6
21. Nh3 Kf7 22. Ng5+ Kg8 23. Bf4 Nf5 24. Ne4 c6 25. Bg5 h6 26. Bf4 Kf8 27. Rgf1
g5 28. g4 Nh4 29. Bg3 Kg7 30. Bxh4 gxh4 31. Nd6 R8e7 32. Nf5+ Kf6 33. Nxe7 Kxe7
34. Kg1 Bc7 35. Rf2 Rxf2 36. Kxf2 Bxh2 37. Rc1 Bg3+ 38. Ke2 Bf4 39. Rxc2 h3 40.
Kf2 h2 41. Kg2 Kf6 42. Re2 Kg5 43. Re4 h5 44. gxh5 Bc7 45. Re7 Kxh5 46. Rxc7 {
Normal} 1-0

[Event "Rated Blitz game"]
[Site "?"]
[Date "2021.09.13"]
[Round "?"]
[White "ToxicMamba"]
[Black "justiniano565"]
[Result "1-0"]
[ECO "C42"]
[WhiteElo "2484"]
[BlackElo "2539"]
[PlyCount "35"]
[EventDate "2021.??.??"]
[EventType "blitz"]
[TimeControl "180+2"]

1. e4 e5 2. Nf3 Nf6 3. Nxe5 d6 4. Nxf7 Kxf7 5. d4 c6 6. Nc3 Be7 7. Bc4+ Be6 8.
Bxe6+ Kxe6 9. f4 Rf8 10. e5 dxe5 11. fxe5 Nd5 12. Qg4+ Kf7 13. O-O+ Kg8 14. Bh6
Rxf1+ 15. Rxf1 Bf8 16. Qe6+ Kh8 17. Nxd5 cxd5 18. Bg5 {Normal} 1-0

[Event "Rated Blitz game"]
[Site "?"]
[Date "2021.09.13"]
[Round "?"]
[White "xadrezsoccer21"]
[Black "Attacke2021"]
[Result "1-0"]
[ECO "C42"]
[WhiteElo "2475"]
[BlackElo "2530"]
[PlyCount "51"]
[EventDate "2021.??.??"]
[EventType "blitz"]
[TimeControl "180"]

1. e4 e5 2. Nf3 Nf6 3. Nxe5 d6 4. Nxf7 Kxf7 5. d4 c5 6. Bc4+ d5 7. exd5 Bd6 8.
dxc5 Re8+ 9. Be3 Bxc5 10. O-O Bd6 11. Nc3 a6 12. Bg5 Nbd7 13. Re1 Kg8 14. Ne4
Rxe4 15. Rxe4 h6 16. Re6 hxg5 17. Rxd6 Qc7 18. Rc6 bxc6 19. d6+ Kh8 20. dxc7
Ra7 21. Qd6 Rb7 22. Re1 Rxb2 23. Bb3 a5 24. Qd4 a4 25. Qxb2 axb3 26. cxb3 {
Normal} 1-0

[Event "Rated Blitz game"]
[Site "?"]
[Date "2021.09.13"]
[Round "?"]
[White "Dark32"]
[Black "SNOEBE"]
[Result "0-1"]
[ECO "C42"]
[WhiteElo "2423"]
[BlackElo "2495"]
[PlyCount "40"]
[EventDate "2021.??.??"]
[EventType "blitz"]
[TimeControl "180+2"]

1. e4 e5 2. Nf3 Nf6 3. Nxe5 d6 4. Nxf7 Kxf7 5. d4 c5 6. Bc4+ Be6 7. d5 Bd7 8.
Nc3 a6 9. a4 g6 10. h3 Bg7 11. O-O Re8 12. Qf3 Kg8 13. Bf4 Bc8 14. Rae1 Nh5 15.
Bd2 Nd7 16. g4 Rf8 17. Qh1 Ne5 18. Be2 Nf4 19. Bd1 Qh4 20. Re3 Nc4 {Normal} 0-1

[Event "Rated Blitz game"]
[Site "?"]
[Date "2021.09.13"]
[Round "?"]
[White "Cranmobbed"]
[Black "Raelav"]
[Result "0-1"]
[ECO "C42"]
[WhiteElo "2406"]
[BlackElo "2412"]
[PlyCount "80"]
[EventDate "2021.??.??"]
[EventType "blitz"]
[TimeControl "180"]

1. e4 e5 2. Nf3 Nf6 3. Nxe5 d6 4. Nxf7 Kxf7 5. d4 g6 6. Bc4+ d5 7. exd5 Bd6 8.
O-O Nbd7 9. Nc3 Re8 10. Bg5 Kg7 11. Qf3 Rf8 12. Qh3 Kh8 13. Qh4 Qe8 14. Rae1
Qf7 15. Re6 Ng8 16. Ne4 Nb6 17. Bb3 Bxe6 18. dxe6 Qg7 19. Nxd6 cxd6 20. Re1
Rae8 21. e7 Rf5 22. Bxg8 Kxg8 23. Re6 Nc8 24. g4 Rxg5 25. Qxg5 Qf7 26. d5 Rxe7
27. Qe3 Rxe6 28. dxe6 Qf6 29. f4 Ne7 30. c4 b6 31. b3 Nc6 32. Kg2 Kf8 33. Qe4
Nd8 34. f5 gxf5 35. gxf5 h6 36. Kf3 Ke7 37. h4 Qc3+ 38. Kg4 Qe5 39. Qf3 Nxe6
40. fxe6 Qxe6+ {Time forfeit} 0-1

[Event "Rated Blitz tournament LBa9APmM"]
[Site "?"]
[Date "2021.09.12"]
[Round "?"]
[White "jamomo"]
[Black "aeminovsensey1"]
[Result "0-1"]
[ECO "C42"]
[WhiteElo "2281"]
[BlackElo "2414"]
[PlyCount "64"]
[EventDate "2021.??.??"]
[EventType "blitz"]
[TimeControl "180"]

1. e4 e5 2. Nf3 Nf6 3. Nxe5 d6 4. Nxf7 Kxf7 5. d4 Qe8 6. Bc4+ Be6 7. Bxe6+ Qxe6
8. O-O Qxe4 9. c3 Be7 10. Re1 Qf5 11. Qb3+ Qd5 12. c4 Qc6 13. Nc3 Re8 14. c5+
d5 15. Bg5 Nbd7 16. Re3 h6 17. Bh4 g5 18. Bg3 Bf8 19. Be5 Re6 20. Rae1 Rae8 21.
h4 g4 22. f4 gxf3 23. Rxf3 Nxe5 24. dxe5 Bxc5+ 25. Kh1 Rxe5 26. Ref1 R8e6 27.
Nxd5 Qxd5 28. Qc2 Qe4 29. Qb3 Qxh4+ 30. Rh3 Qg5 31. Qxb7 Bb6 32. Qf3 Re1 {
Time forfeit} 0-1

[Event "Rated Blitz game"]
[Site "?"]
[Date "2021.09.12"]
[Round "?"]
[White "Capitan-FE"]
[Black "aeminovsensey1"]
[Result "0-1"]
[ECO "C42"]
[WhiteElo "2460"]
[BlackElo "2429"]
[PlyCount "90"]
[EventDate "2021.??.??"]
[EventType "blitz"]
[TimeControl "180"]

1. e4 e5 2. Nf3 Nf6 3. Nxe5 d6 4. Nxf7 Kxf7 5. Bc4+ Be6 6. Bxe6+ Kxe6 7. d4 Kd7
8. O-O c6 9. e5 Ne8 10. Bf4 Kc7 11. c4 dxe5 12. Bxe5+ Bd6 13. Bxd6+ Qxd6 14.
Nc3 Nd7 15. Re1 Nef6 16. Qf3 Rae8 17. c5 Qxd4 18. Red1 Qxc5 19. Qg3+ Qe5 20.
Qd3 Nc5 21. Qc4 b5 22. Nxb5+ cxb5 23. Qxb5 Rb8 24. Qa5+ Kb7 25. b4 Ncd7 26. b5
Rhc8 27. Rac1 Ka8 28. h3 Rxc1 29. Rxc1 Qxb5 30. Qc7 Qb6 31. Qc4 Ne5 32. Qf4 Qb5
33. Re1 Nd3 34. Qf3+ Qd5 35. Qxd5+ Nxd5 36. Rd1 N3f4 37. g3 Ne2+ 38. Kf1 Nec3
39. Rd4 Rb2 40. Kg2 Kb7 41. a3 Kc6 42. Rh4 h6 43. Kf3 Nd1 44. Ra4 Rxf2+ 45. Ke4
N1c3+ {Normal} 0-1

[Event "Rated Blitz game"]
[Site "?"]
[Date "2021.09.10"]
[Round "?"]
[White "sachista15"]
[Black "Thoschi"]
[Result "1/2-1/2"]
[ECO "C42"]
[WhiteElo "2417"]
[BlackElo "2442"]
[PlyCount "105"]
[EventDate "2021.??.??"]
[EventType "blitz"]
[TimeControl "180"]

1. e4 e5 2. Nf3 Nf6 3. Nxe5 d6 4. Nxf7 Kxf7 5. d4 c5 6. Nc3 cxd4 7. Qxd4 Nc6 8.
Bc4+ Be6 9. Bxe6+ Kxe6 10. Qc4+ Kd7 11. Bg5 Be7 12. O-O-O Qg8 13. Qb5 Kc7 14.
Bxf6 Bxf6 15. Nd5+ Kb8 16. Nxf6 gxf6 17. Rxd6 Qg5+ 18. Qxg5 fxg5 19. Rhd1 Kc7
20. Rd7+ Kb6 21. Rg7 Rag8 22. Rdd7 Rxg7 23. Rxg7 h6 24. f3 Kc5 25. c3 a5 26.
Rxb7 Ne5 27. Kc2 Rd8 28. Rh7 Nd3 29. Rxh6 Ne1+ 30. Kb3 Rb8+ 31. Ka4 Rxb2 32.
Rh5 Kc4 33. Kxa5 Rxa2+ 34. Kb6 Rxg2 35. h4 Nxf3 36. hxg5 Nxg5 37. e5 Kd5 38.
c4+ Kxe5 39. c5 Ke6 40. c6 Rb2+ 41. Kc7 Nf7 42. Rh1 Ne5 43. Rh6+ Kd5 44. Rd6+
Kc5 45. Re6 Nc4 46. Kd7 Nb6+ 47. Kc7 Rh2 48. Kb7 Rh7+ 49. c7 Nd5 50. Rc6+ Kb5
51. Rc1 Nxc7 52. Rxc7 Rxc7+ 53. Kxc7 {Normal} 1/2-1/2

[Event "Rated Rapid tournament Xd73r37F"]
[Site "?"]
[Date "2021.09.10"]
[Round "?"]
[White "E_Onegin"]
[Black "sumpor"]
[Result "1/2-1/2"]
[ECO "C42"]
[WhiteElo "2309"]
[BlackElo "2476"]
[PlyCount "40"]
[EventDate "2021.??.??"]
[EventType "rapid"]
[TimeControl "600"]

1. e4 e5 2. Nf3 Nf6 3. Nxe5 d6 4. Nxf7 Kxf7 5. d4 c5 6. dxc5 Nc6 7. Bc4+ Be6 8.
Bxe6+ Kxe6 9. c3 d5 10. O-O Bxc5 11. b4 Bb6 12. b5 Na5 13. e5 Ne4 14. Qg4+ Kf7
15. Qf5+ Kg8 16. Qe6+ Kf8 17. Qf5+ Ke8 18. Qe6+ Kf8 19. Qf5+ Ke8 20. Qe6+ Kf8 {
Normal} 1/2-1/2

[Event "Rated Blitz game"]
[Site "?"]
[Date "2021.09.10"]
[Round "?"]
[White "exmath"]
[Black "baemoth"]
[Result "0-1"]
[ECO "C42"]
[WhiteElo "2326"]
[BlackElo "2406"]
[PlyCount "54"]
[EventDate "2021.??.??"]
[EventType "blitz"]
[TimeControl "180"]

1. e4 e5 2. Nf3 Nf6 3. Nxe5 d6 4. Nxf7 Kxf7 5. Nc3 c6 6. d4 Be7 7. Bc4+ d5 8.
exd5 cxd5 9. Nxd5 Be6 10. Ne3 Bxc4 11. Nxc4 Re8 12. O-O Kg8 13. c3 Bd6 14. f4
Kh8 15. Ne5 Bxe5 16. fxe5 Nd5 17. Qh5 Rf8 18. Bg5 Qe8 19. Rxf8+ Qxf8 20. Rf1
Qg8 21. c4 Nb6 22. Rf7 Nc6 23. Rxg7 Kxg7 24. d5 Qf7 25. Bf6+ Kf8 26. Qh6+ Ke8
27. dxc6 bxc6 {Normal} 0-1

[Event "Rated Blitz tournament sjUPPR0g"]
[Site "?"]
[Date "2021.09.09"]
[Round "?"]
[White "Alborado"]
[Black "BruceLeecubano"]
[Result "0-1"]
[ECO "C42"]
[WhiteElo "2221"]
[BlackElo "2558"]
[PlyCount "34"]
[EventDate "2021.??.??"]
[EventType "blitz"]
[TimeControl "300"]

1. e4 e5 2. Nf3 Nf6 3. Nxe5 d6 4. Nxf7 Kxf7 5. Bc4+ d5 6. exd5 b5 7. Bb3 Bd6 8.
O-O Re8 9. Nc3 a6 10. d3 Kg8 11. Bg5 Nbd7 12. Ne4 h6 13. Bxf6 Nxf6 14. Nxf6+
Qxf6 15. Qh5 Bf5 16. Rae1 Qg6 17. Qf3 Bg4 {Normal} 0-1

[Event "Rated Blitz tournament TULfseoJ"]
[Site "?"]
[Date "2021.09.09"]
[Round "?"]
[White "Gdmonster22"]
[Black "Ranaroek66"]
[Result "1-0"]
[ECO "C42"]
[WhiteElo "2354"]
[BlackElo "2741"]
[PlyCount "107"]
[EventDate "2021.??.??"]
[EventType "blitz"]
[TimeControl "300"]

1. e4 e5 2. Nf3 Nf6 3. Nxe5 d6 4. Nxf7 Kxf7 5. Bc4+ d5 6. exd5 Bd6 7. O-O Re8
8. d4 Kg8 9. Bb3 Bf5 10. c4 b6 11. Nc3 Nbd7 12. h3 h6 13. Qf3 Bg6 14. Bd2 Kh7
15. Rfe1 Rf8 16. Qe2 Nh5 17. Qg4 Ndf6 18. Qh4 Nd7 19. Qxd8 Raxd8 20. Re6 Bf4
21. Be1 a6 22. g3 Bd6 23. Bd2 Bf5 24. g4 Bxe6 25. dxe6 Nf4 26. Bc2+ Kh8 27.
Bxf4 Bxf4 28. e7 Bd6 29. exd8=Q Rxd8 30. Re1 Nf6 31. Re6 Bb4 32. d5 Kg8 33. Bg6
Kf8 34. f3 Bxc3 35. bxc3 Nd7 36. f4 Nc5 37. Re3 Nb7 38. h4 Nd6 39. g5 Nxc4 40.
Re6 Nd6 41. f5 hxg5 42. hxg5 Nb7 43. f6 gxf6 44. gxf6 Nc5 45. Re7 Nd7 46. Rf7+
Kg8 47. Rg7+ Kf8 48. Rf7+ Kg8 49. c4 Ne5 50. Rg7+ Kf8 51. Bh5 Rd6 52. Rxc7 Rxf6
53. Kg2 Rf3 54. Bxf3 {Normal} 1-0

[Event "Rated Blitz game"]
[Site "?"]
[Date "2021.09.09"]
[Round "?"]
[White "tatamaco"]
[Black "momeala"]
[Result "1-0"]
[ECO "C42"]
[WhiteElo "2381"]
[BlackElo "2441"]
[PlyCount "95"]
[EventDate "2021.??.??"]
[EventType "blitz"]
[TimeControl "180+2"]

1. e4 e5 2. Nf3 Nf6 3. Nxe5 d6 4. Nxf7 Kxf7 5. d4 Be7 6. Bc4+ d5 7. exd5 Bd6 8.
O-O Re8 9. Bb3 Kg8 10. c4 b6 11. Nc3 Kh8 12. Bc2 Nbd7 13. Qd3 Nf8 14. a3 a5 15.
Bd2 Bd7 16. Rae1 Qc8 17. Bg5 Ng8 18. Ne4 Bg4 19. h3 Bh5 20. f4 Bg6 21. Qf3 Bxe4
22. Bxe4 Qd7 23. g4 Be7 24. h4 Bxg5 25. hxg5 Rad8 26. Kg2 Ne7 27. Rh1 Neg6 28.
f5 Ne7 29. g6 Ng8 30. g5 c6 31. Qh3 h6 32. gxh6 Nxh6 33. Qe3 Kg8 34. f6 Qg4+
35. Kf2 Rxe4 36. f7+ Nxf7 37. gxf7+ Kxf7 38. Qxe4 Qxe4 39. Rxe4 cxd5 40. Rf4+
Kg8 41. cxd5 Rxd5 42. Re1 Ng6 43. Rg4 Kf7 44. Ke3 Rb5 45. Re2 Rb3+ 46. Ke4 Ne7
47. d5 Nc8 48. Ke5 {Time forfeit} 1-0

[Event "Rated Blitz game"]
[Site "?"]
[Date "2021.09.09"]
[Round "?"]
[White "decf"]
[Black "Joaquincel"]
[Result "0-1"]
[ECO "C42"]
[WhiteElo "2284"]
[BlackElo "2422"]
[PlyCount "54"]
[EventDate "2021.??.??"]
[EventType "blitz"]
[TimeControl "300"]

1. e4 e5 2. Nf3 Nf6 3. Nxe5 d6 4. Nxf7 Kxf7 5. Nc3 Be6 6. d4 c6 7. Bd3 g6 8.
O-O Bg7 9. Qf3 Nbd7 10. Bg5 Rf8 11. Qg3 Qc7 12. f4 Kg8 13. Kh1 Nb6 14. f5 gxf5
15. exf5 Bc4 16. Rae1 Bxd3 17. Qxd3 d5 18. Re6 Rae8 19. Bf4 Qd7 20. Rd6 Qf7 21.
Be5 Nc4 22. Re6 Rxe6 23. fxe6 Qxe6 24. Bxf6 Rxf6 25. Rxf6 Qxf6 26. b3 Qf2 27.
h3 Ne3 {Normal} 0-1

[Event "Rated Blitz game"]
[Site "?"]
[Date "2021.09.09"]
[Round "?"]
[White "bojdulko"]
[Black "Voorzitter-HMC"]
[Result "1-0"]
[ECO "C42"]
[WhiteElo "2405"]
[BlackElo "2563"]
[PlyCount "95"]
[EventDate "2021.??.??"]
[EventType "blitz"]
[TimeControl "180"]

1. e4 e5 2. Nf3 Nf6 3. Nxe5 d6 4. Nxf7 Kxf7 5. Bc4+ d5 6. exd5 Bd6 7. h3 Re8+
8. Be2 Nxd5 9. O-O Nf4 10. Bg4 Qg5 11. d4 Bxg4 12. hxg4 h5 13. c4 c6 14. Nc3
Qxg4 15. Qxg4 hxg4 16. Be3 g3 17. Bxf4 Bxf4 18. fxg3 g5 19. gxf4 g4 20. Rae1
Nd7 21. Ne4 Kg6 22. f5+ Kg7 23. f6+ Kf8 24. f7 Re7 25. Ng5 Rxe1 26. Rxe1 Kg7
27. Rf1 Nf8 28. Rf4 Kg6 29. Rxg4 Kf5 30. Rg3 Rd8 31. Nf3 Kf6 32. Rg4 Kxf7 33.
Rf4+ Kg7 34. Kf2 Ne6 35. Re4 Kf6 36. Ke3 Rg8 37. g4 b6 38. b4 Rg7 39. Ne5 c5
40. bxc5 bxc5 41. d5 Nd4 42. Rf4+ Kg5 43. Rxd4 cxd4+ 44. Kxd4 Kf4 45. d6 Rg6
46. c5 Rg5 47. d7 Rg8 48. c6 {Normal} 1-0

[Event "Rated Blitz tournament L44sWaYP"]
[Site "?"]
[Date "2021.09.09"]
[Round "?"]
[White "josefghng"]
[Black "Elsny13"]
[Result "1-0"]
[ECO "C42"]
[WhiteElo "2483"]
[BlackElo "2561"]
[PlyCount "119"]
[EventDate "2021.??.??"]
[EventType "blitz"]
[TimeControl "300"]

1. e4 e5 2. Nf3 Nf6 3. Nxe5 d6 4. Nxf7 Kxf7 5. Bc4+ d5 6. Bb3 Bd6 7. Nc3 c6 8.
d4 Re8 9. e5 Bxe5 10. dxe5 Rxe5+ 11. Kf1 b6 12. Bf4 Ba6+ 13. Kg1 Re8 14. Bg5
Nbd7 15. Nxd5 cxd5 16. Bxd5+ Kf8 17. Bxa8 Qxa8 18. Qd6+ Kg8 19. h3 Bb7 20. Rh2
Qc8 21. c3 Ne4 22. Qf4 Nxg5 23. Qxg5 Nf6 24. h4 h5 25. Rh3 Qe6 26. Re3 Qf7 27.
Rae1 Rxe3 28. Rxe3 Ng4 29. Re2 Nf6 30. b3 a5 31. c4 Qd7 32. Qd2 Qc6 33. f3 Qc5+
34. Kh2 Qf5 35. Re7 Bc6 36. Qg5 Qxg5 37. hxg5 Ne8 38. Re6 Bd7 39. Rxb6 Kf7 40.
f4 Ke7 41. Ra6 a4 42. b4 Nd6 43. c5 Nb5 44. Rxa4 Nd4 45. Ra7 Ke6 46. a4 g6 47.
b5 Ne2 48. g3 Nc3 49. c6 Be8 50. c7 Bd7 51. Ra8 Kd6 52. c8=Q Bxc8 53. Rxc8 Nxa4
54. Rc6+ Kd5 55. Rxg6 Nc3 56. Rh6 Ne4 57. Rxh5 Nf2 58. Rh4 Ke4 59. g6 Kf5 60.
g7 {Time forfeit} 1-0

[Event "Rated Blitz game"]
[Site "?"]
[Date "2021.09.08"]
[Round "?"]
[White "TheRedKing89"]
[Black "micfel"]
[Result "0-1"]
[ECO "C42"]
[WhiteElo "2737"]
[BlackElo "2585"]
[PlyCount "70"]
[EventDate "2021.??.??"]
[EventType "blitz"]
[TimeControl "180"]

1. e4 e5 2. Nf3 Nf6 3. Nxe5 d6 4. Nxf7 Kxf7 5. d4 c6 6. Bd3 Be7 7. O-O Rf8 8.
c4 c5 9. d5 Kg8 10. f4 Bg4 11. Qc2 Nbd7 12. h3 Bh5 13. g4 Nxg4 14. hxg4 Bxg4
15. e5 dxe5 16. Bxh7+ Kh8 17. Qh2 Bh4 18. Bd3 exf4 19. Bxf4 g5 20. Bd2 Rxf1+
21. Bxf1 Qe7 22. Na3 Kg8 23. Nc2 Ne5 24. Be2 Bxe2 25. Qxe2 Rf8 26. Kh1 Rf2 27.
Qe4 Nf3 28. Qg6+ Qg7 29. Qe8+ Kh7 30. Qh5+ Qh6 31. Qf7+ Qg7 32. Qh5+ Kg8 33.
Qe8+ Qf8 34. Qg6+ Qg7 35. Bc3 Qxg6 {Time forfeit} 0-1

[Event "Rated Blitz game"]
[Site "?"]
[Date "2021.09.08"]
[Round "?"]
[White "Viacheslav92"]
[Black "Soul_Pug"]
[Result "0-1"]
[ECO "C42"]
[WhiteElo "2528"]
[BlackElo "2529"]
[PlyCount "56"]
[EventDate "2021.??.??"]
[EventType "blitz"]
[TimeControl "180"]

1. e4 e5 2. Nf3 Nf6 3. Nxe5 d6 4. Nxf7 Kxf7 5. Bc4+ Be6 6. Bxe6+ Kxe6 7. O-O
Be7 8. d4 Kf7 9. Qd3 Re8 10. f4 Kg8 11. Nc3 c6 12. e5 Nd5 13. Ne4 Na6 14. a3
Bf8 15. c4 Nb6 16. Ng5 g6 17. e6 Qf6 18. f5 Bg7 19. Be3 d5 20. b3 dxc4 21. bxc4
Rad8 22. Qe4 Rxd4 23. Bxd4 Qxd4+ 24. Qxd4 Bxd4+ 25. Kh1 Bxa1 26. f6 Bxf6 27.
Rxf6 Nxc4 28. Rf7 Rxe6 {Normal} 0-1

[Event "Rated Blitz game"]
[Site "?"]
[Date "2021.09.07"]
[Round "?"]
[White "Tigerscot"]
[Black "YourDentist93"]
[Result "1/2-1/2"]
[ECO "C42"]
[WhiteElo "2535"]
[BlackElo "2529"]
[PlyCount "138"]
[EventDate "2021.??.??"]
[EventType "blitz"]
[TimeControl "180"]

1. e4 e5 2. Nf3 Nf6 3. Nxe5 d6 4. Nxf7 Kxf7 5. d4 Be7 6. Nc3 Re8 7. Bc4+ Kf8 8.
O-O Bg4 9. f3 Bh5 10. Qe2 Bf7 11. Bxf7 Kxf7 12. Qc4+ d5 13. Qb3 c6 14. Qxb7 Qb6
15. Qxa8 Nbd7 16. Qxe8+ Kxe8 17. exd5 Qxd4+ 18. Kh1 Nxd5 19. Nxd5 cxd5 20. c3
Qb6 21. Rd1 Nf6 22. Rb1 Bd6 23. Bg5 Qa5 24. a3 Be7 25. Re1 Kf7 26. Re2 h6 27.
Be3 a6 28. Bd4 Qb5 29. Rbe1 Bc5 30. a4 Qb6 31. Re6 Bxd4 32. Rxb6 Bxb6 33. b4
Nd7 34. f4 Bf2 35. Re2 Bb6 36. g4 Bc7 37. f5 Nb6 38. Rd2 Nxa4 39. Rxd5 Nb6 40.
Rc5 Bd8 41. Rc6 Ke7 42. Rg6 Kf7 43. Rd6 Ke7 44. Rg6 Kf7 45. Rd6 Ke7 46. Re6+
Kd7 47. Rg6 Bf6 48. h4 Nd5 49. g5 hxg5 50. hxg5 Bxc3 51. Rxa6 Nxb4 52. Ra7+ Kd6
53. Kg2 Ke5 54. Ra5+ Kf4 55. g6 Kg5 56. Ra4 Nd5 57. Kf3 Bf6 58. Ke4 Nc3+ 59.
Kd3 Nxa4 60. Kc4 Kxf5 61. Kd3 Kxg6 62. Ke3 Kf5 63. Kf3 g5 64. Kg3 g4 65. Kg2
Be5 66. Kf2 Kf4 67. Kg2 g3 68. Kf1 Kf3 69. Kg1 g2 {Normal} 1/2-1/2

[Event "Rated Blitz game"]
[Site "?"]
[Date "2021.09.07"]
[Round "?"]
[White "peaudepaillator"]
[Black "durasno"]
[Result "0-1"]
[ECO "C42"]
[WhiteElo "2602"]
[BlackElo "2583"]
[PlyCount "52"]
[EventDate "2021.??.??"]
[EventType "blitz"]
[TimeControl "180"]

1. e4 e5 2. Nf3 Nf6 3. Nxe5 d6 4. Nxf7 Kxf7 5. Nc3 c6 6. d4 Be7 7. f4 Re8 8.
Be2 Kg8 9. O-O c5 10. e5 cxd4 11. exf6 Bxf6 12. Nd5 Nc6 13. Bc4 Be6 14. f5 Bf7
15. a4 Rc8 16. Ba2 Ne5 17. Bf4 Nc4 18. Nxf6+ Qxf6 19. b4 Ne3 20. Bxe3 dxe3 21.
Bxf7+ Qxf7 22. Qxd6 Rxc2 23. f6 Rd2 24. Qc5 e2 25. Rfe1 Qxf6 26. Qxa7 Qxa1 {
Normal} 0-1

[Event "Rated Blitz game"]
[Site "?"]
[Date "2021.09.07"]
[Round "?"]
[White "Nurulla75"]
[Black "vikasvennella"]
[Result "1-0"]
[ECO "C42"]
[WhiteElo "2400"]
[BlackElo "2348"]
[PlyCount "47"]
[EventDate "2021.??.??"]
[EventType "blitz"]
[TimeControl "180"]

1. e4 e5 2. Nf3 Nf6 3. Nxe5 d6 4. Nxf7 Kxf7 5. Nc3 Be6 6. d4 d5 7. e5 Ne4 8.
Nxe4 dxe4 9. Be2 Kg8 10. O-O c5 11. Bg4 Qd7 12. Bxe6+ Qxe6 13. f4 exf3 14. Qxf3
Nc6 15. d5 Nxe5 16. dxe6 Nxf3+ 17. Rxf3 Re8 18. Bd2 Rxe6 19. Raf1 Be7 20. Bc3
b5 21. Rf7 Bf6 22. Rxa7 Bxc3 23. Ra8+ Re8 24. Rxe8# {Normal} 1-0

[Event "Rated Blitz game"]
[Site "?"]
[Date "2021.09.06"]
[Round "?"]
[White "Dark32"]
[Black "atlas96"]
[Result "0-1"]
[ECO "C42"]
[WhiteElo "2431"]
[BlackElo "2293"]
[PlyCount "68"]
[EventDate "2021.??.??"]
[EventType "blitz"]
[TimeControl "180+2"]

1. e4 e5 2. Nf3 Nf6 3. Nxe5 d6 4. Nxf7 Kxf7 5. d4 g6 6. Nc3 Kg7 7. f4 Be7 8.
Bd3 c5 9. d5 Bg4 10. Qd2 Na6 11. a3 Nc7 12. h3 Re8 13. hxg4 Nxg4 14. g3 Bf6 15.
Qe2 h5 16. Bd2 b5 17. Nxb5 Bxb2 18. Bc3+ Bxc3+ 19. Nxc3 Qf6 20. Qd2 Nxd5 21. e5
Nxe5 22. O-O Nxc3 23. fxe5 Qxe5 24. Rae1 Qxg3+ 25. Qg2 Qxg2+ 26. Kxg2 Nd5 27.
Be4 Re5 28. Bxd5 Rxd5 29. Re7+ Kh6 30. Rf2 a5 31. a4 Rb8 32. c3 Rb3 33. Ra7 c4
34. Rxa5 Rxa5 {Normal} 0-1